NYP
TRI-CITY VALLEYCATS @ HUDSON VALLEY RENEGADES
04/22/2047
 
TOP OF THE 1ST
Tri-City ValleyCats batting - Pitching for Hudson Valley Renegades : RHP Gerardo Fernandez
Pitching: RHP Gerardo Fernandez
Batting: LHB Danny Wolver 0-0: Foul Ball, location: 2F
0-1: Swinging Strike
0-2: Ball
1-2: Strikes out swinging
Batting: RHB Jarno van Lente 0-0: Called Strike
0-1: Foul Ball, location: 2F
0-2: Ball
1-2: Strikes out looking
Batting: RHB Nate Britton 0-0: Ball
1-0: Ball
2-0: Called Strike
2-1: Ball
3-1: SINGLE (Groundball, 5S, EV 68.8 MPH) (infield hit)
Batting: LHB Jackson Trottier 0-0: Fielders Choice at 2nd, 5-4 (Groundball, 5L, EV 110.0 MPH)
Top of the 1st over - 0 runs, 1 hit, 0 errors, 1 left on base; Tri-City 0 - Hudson Valley 0
BOTTOM OF THE 1ST
Hudson Valley Renegades batting - Pitching for Tri-City ValleyCats : LHP Manny Gonzales
Pitching: LHP Manny Gonzales
Batting: SHB Josif Popovski 0-0: Ball
1-0: Ball
2-0: Ball
3-0: Called Strike
3-1: Called Strike
3-2: Strikes out swinging
Batting: LHB Jeremy Burton 0-0: Fly out, F9 (Flyball, 9, EV 86.2 MPH)
Batting: RHB Nelle Lommen 0-0: Ball
1-0: Ball
2-0: Ball
3-0: Called Strike
3-1: Foul Ball, location: 2F
3-2: Strikes out swinging
Bottom of the 1st over - 0 runs, 0 hits, 0 errors, 0 left on base; Tri-City 0 - Hudson Valley 0
TOP OF THE 2ND
Tri-City ValleyCats batting - Pitching for Hudson Valley Renegades : RHP Gerardo Fernandez
Batting: LHB Bob Govella 0-0: SINGLE (Groundball, 4, EV 94.4 MPH)
Batting: RHB Drew Coleman 0-0: Ball
1-0: Hit by Pitch
Bob Govella to second
Batting: RHB To-wai Chen 0-0: Called Strike
0-1: Foul Ball, location: 2F
0-2: Ball
1-2: Ball
2-2: Fielders Choice at 2nd, 5-4 (Groundball, 56, EV 94.4 MPH)
Bob Govella to third
Batting: SHB Terciero Ortiz 0-0: Called Strike
To-wai Chen steals 2nd base
0-1: Foul Ball, location: 2F
0-2: Foul Ball, location: 2F
0-2: Ball
1-2: Strikes out looking
Batting: RHB Omar Amaya 0-0: Ball
1-0: Swinging Strike
1-1: Ball
2-1: DOUBLE (Line Drive, 7LS, EV 93.1 MPH)
Bob Govella scores
To-wai Chen scores
Batting: LHB Danny Wolver 0-0: Called Strike
0-1: Swinging Strike
0-2: Ball
1-2: Strikes out swinging
Top of the 2nd over - 2 runs, 2 hits, 0 errors, 1 left on base; Tri-City 2 - Hudson Valley 0
BOTTOM OF THE 2ND
Hudson Valley Renegades batting - Pitching for Tri-City ValleyCats : LHP Manny Gonzales
Batting: LHB Helmut Steggall 0-0: Ball
1-0: Ground out 6-3 (Groundball, 6, EV 82.5 MPH)
Batting: LHB Jonathan Spino 0-0: Ball
1-0: Fly out, F9 (Flyball, 89S, EV 85.6 MPH)
Batting: RHB Eddie Zamora 0-0: Ball
1-0: Swinging Strike
1-1: Foul Ball, location: 2F
1-2: Ball
2-2: Foul Ball, location: 2F
2-2: Foul Ball, location: 2F
2-2: Ball
3-2: Foul Ball, location: 2F
3-2: Base on Balls
Pitching: RHP Marty Jackson
Batting: RHB Evan Chalarian 0-0: Ball
Passed Ball!
Eddie Zamora to second
1-0: SINGLE (Line Drive, 8LS, EV 106.9 MPH)
Eddie Zamora to third
Runner from 3rd tries for Home, throw by CF and OUT! 8-2
Bottom of the 2nd over - 0 runs, 1 hit, 0 errors, 1 left on base; Tri-City 2 - Hudson Valley 0
TOP OF THE 3RD
Tri-City ValleyCats batting - Pitching for Hudson Valley Renegades : RHP Gerardo Fernandez
Batting: RHB Jarno van Lente 0-0: Ball
1-0: Ball
2-0: Ball
3-0: Called Strike
3-1: Called Strike
3-2: Foul Ball, location: 2F
3-2: Foul Ball, location: 2F
3-2: Base on Balls
Batting: RHB Nate Britton 0-0: Ball
1-0: Ball
2-0: Foul Ball, location: 2F
2-1: Ball
Jarno van Lente steals 2nd base
3-1: DOUBLE (Line Drive, 7LM, EV 86.2 MPH)
Jarno van Lente scores
Batting: LHB Jackson Trottier 0-0: Called Strike
0-1: Called Strike
0-2: Ball
1-2: Strikes out looking
Batting: LHB Bob Govella 0-0: Foul Ball, location: 2F
0-1: Foul Ball, location: 2F
0-2: Ground out U3 (Groundball, 34, EV 82.5 MPH)
Nate Britton to third
Batting: RHB Drew Coleman 0-0: Foul Ball, location: 2F
0-1: Ball
1-1: Foul Ball, location: 2F
1-2: Strikes out looking
Top of the 3rd over - 1 run, 1 hit, 0 errors, 1 left on base; Tri-City 3 - Hudson Valley 0
BOTTOM OF THE 3RD
Hudson Valley Renegades batting - Pitching for Tri-City ValleyCats : RHP Marty Jackson
Batting: RHB Jesus Carrillo 0-0: Ball
1-0: Ball
2-0: Called Strike
2-1: Swinging Strike
2-2: Fly out, F8 (Flyball, 8LD, EV 95.6 MPH)
Batting: LHB Alex Genao 0-0: Ball
1-0: Called Strike
1-1: SINGLE (Line Drive, 8LS, EV 106.9 MPH)
Batting: SHB Josif Popovski 0-0: Ball
Passed Ball!
Alex Genao to second
1-0: Ball
2-0: Ball
Wild Pitch!
Alex Genao to third
3-0: Base on Balls
Batting: LHB Jeremy Burton 0-0: Ball
1-0: Called Strike
Josif Popovski steals 2nd, throwing error, E2
Alex Genao scores
Josif Popovski to third
1-1: Ball
2-1: Foul Ball, location: 2F
2-2: SINGLE (Line Drive, 8LS, EV 90.0 MPH)
Josif Popovski scores
Pitching: RHP Max Warburton
Batting: RHB Nelle Lommen 0-0: Ball
1-0: Ball
Passed Ball!
Jeremy Burton to second
2-0: Ball
3-0: Called Strike
3-1: Called Strike
3-2: Base on Balls
Batting: LHB Helmut Steggall 0-0: Ball
1-0: Ball
2-0: Called Strike
2-1: Called Strike
2-2: Strikes out swinging
Batting: LHB Jonathan Spino 0-0: Ball
Passed Ball!
Jeremy Burton to third
Nelle Lommen to second
1-0: Ground out 3-1 (Groundball, 34, EV 104.4 MPH)
Bottom of the 3rd over - 2 runs, 2 hits, 1 error, 2 left on base; Tri-City 3 - Hudson Valley 2
TOP OF THE 4TH
Tri-City ValleyCats batting - Pitching for Hudson Valley Renegades : RHP Gerardo Fernandez
Batting: RHB To-wai Chen 0-0: Ball
1-0: Foul Ball, location: 2F
1-1: Swinging Strike
1-2: Ball
2-2: Ball
3-2: SINGLE (Line Drive, 4D, EV 93.8 MPH)
Batting: SHB Terciero Ortiz 0-0: Called Strike
To-wai Chen steals 2nd base
0-1: Ground out 4-3 (Groundball, 4, EV 104.4 MPH)
To-wai Chen to third
Batting: RHB Omar Amaya 0-0: Ball
1-0: Swinging Strike
1-1: Ball
2-1: Called Strike
2-2: Foul Ball, location: 2F
2-2: Strikes out swinging
Batting: LHB Danny Wolver 0-0: Ground out 4-3 (Groundball, 34, EV 101.2 MPH)
Top of the 4th over - 0 runs, 1 hit, 0 errors, 1 left on base; Tri-City 3 - Hudson Valley 2
BOTTOM OF THE 4TH
Hudson Valley Renegades batting - Pitching for Tri-City ValleyCats : RHP Max Warburton
Batting: RHB Eddie Zamora 0-0: Called Strike
0-1: Ball
1-1: Called Strike
1-2: Ball
2-2: Ground out 6-3 (Groundball, 6, EV 86.9 MPH)
Pitching: RHP Kuaika Anakala
Batting: RHB Evan Chalarian 0-0: Foul Ball, location: 2F
0-1: Called Strike
0-2: Ball
1-2: DOUBLE (Flyball, 89D, EV 101.9 MPH)
Pinch Hitting: LHB Tony Zizumbo 0-0: Ball
1-0: Ball
2-0: Ball
Passed Ball!
Evan Chalarian to third
3-0: Base on Balls
Batting: LHB Alex Genao 0-0: Ball
Tony Zizumbo steals 2nd base
1-0: Ball
2-0: Ball
3-0: Called Strike
3-1: Called Strike
3-2: Base on Balls
Batting: SHB Josif Popovski 0-0: Foul Ball, location: 2F
0-1: Fly out, F7 (Flyball, 7, EV 81.2 MPH)
Runner from 3rd tags up, SCORES, no throw by LF
Batting: LHB Jeremy Burton 0-0: Foul Ball, location: 2F
0-1: Ball
1-1: Ball
2-1: Swinging Strike
2-2: SINGLE (Line Drive, 34, EV 110.0 MPH)
Tony Zizumbo to third
Alex Genao to second
Runner from 3rd tries for Home, SAFE, throw by RF to home
Pitching: RHP Russ Greer
Batting: RHB Nelle Lommen 0-0: Called Strike
0-1: Ball
1-1: Ball
Wild Pitch!
Alex Genao to third
Jeremy Burton to second
2-1: Foul Ball, location: 2F
2-2: Foul Ball, location: 2F
2-2: Ball
3-2: Strikes out looking
Bottom of the 4th over - 2 runs, 2 hits, 0 errors, 2 left on base; Tri-City 3 - Hudson Valley 4
TOP OF THE 5TH
Tri-City ValleyCats batting - Pitching for Hudson Valley Renegades : RHP Gerardo Fernandez
Now at 2B: Tony Zizumbo
Batting: RHB Jarno van Lente 0-0: Ball
1-0: Called Strike
1-1: Swinging Strike
1-2: Foul Ball, location: 2F
1-2: Strikes out swinging
Batting: RHB Nate Britton 0-0: Ball
1-0: Foul Ball, location: 2F
1-1: Ball
2-1: Called Strike
2-2: Foul Ball, location: 2F
2-2: Foul Ball, location: 2F
2-2: Ball
3-2: Foul Ball, location: 2F
3-2: Foul Ball, location: 2F
3-2: Strikes out swinging
Batting: LHB Jackson Trottier 0-0: Ball
1-0: Ball
2-0: Ball
3-0: Base on Balls
Batting: LHB Bob Govella 0-0: Called Strike
Jackson Trottier steals 2nd base
0-1: Ball
1-1: Foul Ball, location: 2F
1-2: Ball
2-2: Ball
3-2: Base on Balls
Batting: RHB Drew Coleman 0-0: Ball
1-0: Foul Ball, location: 2F
1-1: Swinging Strike
1-2: Ground out 6-3 (Groundball, 56D, EV 102.5 MPH)
Top of the 5th over - 0 runs, 0 hits, 0 errors, 2 left on base; Tri-City 3 - Hudson Valley 4
BOTTOM OF THE 5TH
Hudson Valley Renegades batting - Pitching for Tri-City ValleyCats : RHP Russ Greer
Batting: LHB Helmut Steggall 0-0: Called Strike
0-1: Ball
1-1: Fly out, F8 (Line Drive, 8RD, EV 109.4 MPH)
Batting: LHB Jonathan Spino 0-0: Ball
1-0: Ball
2-0: Foul Ball, location: 2F
2-1: Ball
3-1: Foul Ball, location: 2F
3-2: Base on Balls
Batting: RHB Eddie Zamora 0-0: Ball
1-0: Ball
2-0: Called Strike
Jonathan Spino is caught stealing 2nd base 2-4
2-1: SINGLE (Line Drive, 78M, EV 93.8 MPH)
Pitching: LHP Rod Somerville
Batting: RHB Evan Chalarian 0-0: Ball
1-0: DOUBLE (Flyball, 89D, EV 106.2 MPH)
Eddie Zamora to third
Runner from 3rd tries for Home, SAFE, throw by CF to trailing runner, SAFE at third!
Batting: LHB Tony Zizumbo 0-0: Called Strike
0-1: Foul Ball, location: 2F
0-2: Ball
1-2: Foul Ball, location: 2F
1-2: Ball
2-2: Ball
3-2: Base on Balls
Batting: LHB Alex Genao 0-0: Ball
1-0: Ball
2-0: SINGLE (Flyball, 3D, EV 96.9 MPH)
Evan Chalarian scores
Tony Zizumbo to second
Runner from 2nd tries for 3rd, SAFE, throw by RF made to third
Batting: SHB Josif Popovski 0-0: SINGLE (Line Drive, 7S, EV 103.1 MPH)
Tony Zizumbo scores
Alex Genao to second
Batting: LHB Jeremy Burton 0-0: Ball
1-0: SINGLE (Line Drive, 8LS, EV 98.1 MPH)
Alex Genao to third
Josif Popovski to second
Runner from 3rd tries for Home, SAFE, throw by CF to home
Batting: RHB Nelle Lommen 0-0: Ball
Passed Ball!
Josif Popovski to third
Jeremy Burton to second
1-0: Foul Ball, location: 2F
1-1: Swinging Strike
1-2: SINGLE (Line Drive, 34D, EV 106.9 MPH)
Josif Popovski scores
Jeremy Burton to third
Batting: LHB Helmut Steggall 0-0: Ball
Passed Ball!
Jeremy Burton scores
Nelle Lommen to second
1-0: Called Strike
1-1: Foul Ball, location: 2F
1-2: Ball
2-2: Ball
3-2: Strikes out looking
Bottom of the 5th over - 6 runs, 6 hits, 0 errors, 1 left on base; Tri-City 3 - Hudson Valley 10
TOP OF THE 6TH
Tri-City ValleyCats batting - Pitching for Hudson Valley Renegades : RHP Gerardo Fernandez
Pitching: RHP Suezo Nagai
Batting: RHB To-wai Chen 0-0: Swinging Strike
0-1: Ball
1-1: Foul Ball, location: 2F
1-2: Ball
2-2: Ball
3-2: Strikes out looking
Batting: SHB Terciero Ortiz 0-0: Called Strike
0-1: Ball
1-1: Foul Ball, location: 2F
1-2: Ball
2-2: Ground out 4-3 (Groundball, 4, EV 88.8 MPH)
Batting: RHB Omar Amaya 0-0: Called Strike
0-1: Ball
1-1: Ball
2-1: Swinging Strike
2-2: Foul Ball, location: 2F
2-2: Ball
3-2: Strikes out swinging
Top of the 6th over - 0 runs, 0 hits, 0 errors, 0 left on base; Tri-City 3 - Hudson Valley 10
BOTTOM OF THE 6TH
Hudson Valley Renegades batting - Pitching for Tri-City ValleyCats : LHP Rod Somerville
Batting: LHB Jonathan Spino 0-0: Ball
1-0: Ball
2-0: Foul Ball, location: 2F
2-1: Foul Ball, location: 2F
2-2: Ball
3-2: Strikes out swinging
Batting: RHB Eddie Zamora 0-0: Ball
1-0: Ball
2-0: Ball
3-0: Base on Balls
Batting: RHB Evan Chalarian 0-0: SINGLE (Line Drive, 78S, EV 85.6 MPH)
Eddie Zamora to second
Batting: LHB Tony Zizumbo 0-0: Ball
1-0: Ball
Passed Ball!
Eddie Zamora to third
Evan Chalarian to second
2-0: Swinging Strike
Passed Ball!
Eddie Zamora scores
Evan Chalarian to third
2-1: Fly out, F8 (Flyball, 89D, EV 105.6 MPH)
Batting: LHB Alex Genao 0-0: Called Strike
0-1: Ball
1-1: Ball
2-1: Foul Ball, location: 2F
2-2: Strikes out swinging
Bottom of the 6th over - 1 run, 1 hit, 0 errors, 1 left on base; Tri-City 3 - Hudson Valley 11
TOP OF THE 7TH
Tri-City ValleyCats batting - Pitching for Hudson Valley Renegades : RHP Suezo Nagai
Batting: LHB Danny Wolver 0-0: Called Strike
0-1: Called Strike
0-2: Ball
1-2: Strikes out swinging
Batting: RHB Jarno van Lente 0-0: Swinging Strike
0-1: Ball
1-1: Ball
2-1: Foul Ball, location: 2F
2-2: Strikes out swinging
Batting: RHB Nate Britton 0-0: Called Strike
0-1: Ball
1-1: Ball
2-1: Ball
3-1: Called Strike
3-2: SINGLE (Groundball, 56D, EV 104.4 MPH)
Batting: LHB Jackson Trottier 0-0: Called Strike
0-1: Swinging Strike
0-2: Strikes out swinging
Top of the 7th over - 0 runs, 1 hit, 0 errors, 1 left on base; Tri-City 3 - Hudson Valley 11
BOTTOM OF THE 7TH
Hudson Valley Renegades batting - Pitching for Tri-City ValleyCats : LHP Rod Somerville
Batting: SHB Josif Popovski 0-0: Called Strike
0-1: SINGLE (Groundball, 4M, EV 98.1 MPH)
Batting: LHB Jeremy Burton 0-0: Ball
1-0: Ball
Josif Popovski steals 2nd base
2-0: Ground out U3 (Groundball, 3, EV 83.1 MPH)
Josif Popovski to third
Batting: RHB Nelle Lommen 0-0: DOUBLE (Flyball, 78XD, EV 104.4 MPH)
Josif Popovski scores
Batting: LHB Helmut Steggall 0-0: Ball
1-0: Called Strike
1-1: Swinging Strike
Passed Ball!
Nelle Lommen to third
1-2: SINGLE (Groundball, 56D, EV 93.8 MPH)
Nelle Lommen scores
Pitching: LHP Shane Robinson
Batting: LHB Jonathan Spino 0-0: Ball
Wild Pitch!
Helmut Steggall to second
1-0: Called Strike
1-1: Ball
2-1: Ball
Passed Ball!
Helmut Steggall to third
3-1: Foul Ball, location: 2F
3-2: Base on Balls
Batting: RHB Eddie Zamora 0-0: DOUBLE (Flyball, 8LXD, EV 109.4 MPH)
Helmut Steggall scores
Jonathan Spino to third
Batting: RHB Evan Chalarian 0-0: Ball
Passed Ball!
Jonathan Spino scores
Eddie Zamora to third
1-0: Swinging Strike
1-1: Ground out 4-3 (Groundball, 4, EV 83.8 MPH)
Eddie Zamora scores
Batting: LHB Tony Zizumbo 0-0: Hit by Pitch
Batting: LHB Alex Genao 0-0: Called Strike
0-1: Ground out 5-3 (Groundball, 25, EV 93.8 MPH)
Bottom of the 7th over - 5 runs, 4 hits, 0 errors, 1 left on base; Tri-City 3 - Hudson Valley 16
TOP OF THE 8TH
Tri-City ValleyCats batting - Pitching for Hudson Valley Renegades : RHP Suezo Nagai
Batting: LHB Bob Govella 0-0: Called Strike
0-1: Ball
1-1: Ball
2-1: Foul Ball, location: 2F
2-2: Ground out U3 (Groundball, 34, EV 84.4 MPH)
Pitching: RHP Ron Garrett
Batting: RHB Drew Coleman 0-0: Called Strike
0-1: Hit by Pitch
Batting: RHB To-wai Chen 0-0: Ground out 5-3 (Groundball, 56S, EV 63.1 MPH)
Drew Coleman to second
Batting: SHB Terciero Ortiz 0-0: Called Strike
0-1: Ball
1-1: Foul Ball, location: 2F
1-2: Foul Ball, location: 2F
1-2: Strikes out looking
Top of the 8th over - 0 runs, 0 hits, 0 errors, 1 left on base; Tri-City 3 - Hudson Valley 16
BOTTOM OF THE 8TH
Hudson Valley Renegades batting - Pitching for Tri-City ValleyCats : LHP Shane Robinson
Batting: SHB Josif Popovski 0-0: Called Strike
0-1: Foul Ball, location: 2F
0-2: Ball
1-2: SINGLE (Groundball, 6M, EV 101.2 MPH)
Batting: LHB Jeremy Burton 0-0: DOUBLE (Flyball, 8RD, EV 101.9 MPH)
Josif Popovski to third
Batting: RHB Nelle Lommen 0-0: Ball
1-0: Foul Ball, location: 2F
1-1: Ground out 6-3 (Groundball, P, EV 83.8 MPH)
Josif Popovski scores
Jeremy Burton to third
Batting: LHB Helmut Steggall 0-0: Ball
1-0: Called Strike
1-1: Ball
Wild Pitch!
Jeremy Burton scores
2-1: SINGLE (Groundball, 4MD, EV 97.5 MPH)
Batting: LHB Jonathan Spino 0-0: Swinging Strike
0-1: Foul Ball, location: 2F
0-2: Ball
1-2: Strikes out swinging
Batting: RHB Eddie Zamora 0-0: Ground out 4-3 (Groundball, 4D, EV 84.4 MPH)
Bottom of the 8th over - 2 runs, 3 hits, 0 errors, 1 left on base; Tri-City 3 - Hudson Valley 18
TOP OF THE 9TH
Tri-City ValleyCats batting - Pitching for Hudson Valley Renegades : RHP Ron Garrett
Batting: RHB Omar Amaya 0-0: Called Strike
0-1: Ball
1-1: Ball
2-1: Ball
3-1: Base on Balls
Batting: LHB Danny Wolver 0-0: Ball
1-0: Foul Ball, location: 2F
1-1: Called Strike
1-2: Fly out, F7 (Flyball, 78D, EV 89.4 MPH)
Batting: RHB Jarno van Lente 0-0: Called Strike
0-1: Foul Ball, location: 2F
0-2: Strikes out swinging
Batting: RHB Nate Britton 0-0: Foul Ball, location: 2F
0-1: Ball
1-1: Ball
2-1: Fielders Choice at 2nd, 6-4 (Groundball, 6, EV 111.2 MPH)
Top of the 9th over - 0 runs, 0 hits, 0 errors, 1 left on base; Tri-City 3 - Hudson Valley 18
Thursday, December 15th , 2022 - OOTP Baseball 23.9 Build 102